 Dungeon Crawl Stone Soup version 0.31-a0-355-g57cb03d3e8 (webtiles) character file.

Game seed: 1853441100839724613

21557 Newt the Mimic (level 12, 0/99 HPs)
             Began as a Green Draconian Shapeshifter on July 24, 2023.
             Was a Believer of the Shining One.
             Slain by Gastronok (19 damage)
             ... on level 2 of the Lair of Beasts.
             The game lasted 00:17:26 (15060 turns).

Newt the Mimic (Green Draconian Shapeshifter)      Turns: 15060, Time: 00:17:27

Health: 0/99       AC: 38    Str: 22    XL:     12   Next: 55%
Magic:  12/12      EV: 19    Int:  9    God:    the Shining One [**....]
Gold:   767        SH:  0    Dex: 12    Spells: 9/11 levels left

rFire   . . .        x - +5 flail (protect)
rCold   + . .        (no shield)
rNeg    + + .        (body armour unavailable)
rPois   ∞            (helmet restricted)
rElec   +            (no cloak)
rCorr   .            (gloves currently unavailable)
SInv    .            (boots currently unavailable)
Will    .....        l - amulet of the acrobat
Stlth   +            d - +5 ring of evasion
HPRegen 0.36/turn    f - ring of protection from cold
MPRegen 0.13/turn

%: acrobat
@: statue-form, under a protective aura, slowed, glowing, very slow
A: slow and powerful, torment resistance 1, reduced hp, (breathe noxious fumes),
AC +8, unfitting armour, poison resistance, cold-blooded
a: Begin Untransformation, Renounce Religion, Divine Shield


You were on level 2 of the Lair of Beasts.
You worshipped the Shining One.
The Shining One was pleased with you.
You were a living statue of rough stone.
You visited 3 branches of the dungeon, and saw 13 of its levels.

You collected 767 gold pieces.

Inventory:

Hand Weapons
 h - a +0 whip of freezing
 m - a +3 mace of protection
 x - a +5 flail of protection (weapon)
 B - a +4 heavy spear
Missiles
 q - 9 boomerangs
 r - 4 javelins
 s - 6 atropa-tipped darts
 I - a throwing net
Armour
 n - a +0 cloak
 y - a +0 buckler
 C - a +0 kite shield
 M - the +0 pair of boots of Lugonu's Generosity {-Cast Rampage rElec Str+5}
   (You found it on level 1 of the Lair of Beasts)

   Str:       It affects your strength (+5).
   rElec:     It insulates you from electricity.
   -Cast:     It prevents spellcasting.
   Rampage:   It bestows one free step when moving towards enemies.
Jewellery
 d - a +5 ring of evasion (left fist)
 f - a ring of protection from cold (right fist)
 g - a ring of poison resistance
 l - an amulet of the acrobat (around neck)
 u - a ring of wizardry
 G - a ring of see invisible
Talismans
 b - a beast talisman
 H - a granite talisman
Wands
 p - a wand of paralysis (16)
 w - a wand of polymorph (15)
 D - a wand of mindburst (20)
 E - a wand of roots (2)
 L - a wand of flame (14)
Scrolls
 i - a scroll of fear
 t - 2 scrolls of poison
 v - a scroll of teleportation
Potions
 a - 5 potions of lignification
 c - 2 potions of mutation
 e - a potion of brilliance
 j - a potion of invisibility
 k - 4 potions of curing
 o - a potion of enlightenment
 z - a potion of degeneration
 A - 2 potions of might
 J - a potion of haste
 N - a potion of attraction


   Skills:
 - Level 9.0 Fighting
 - Level 6.0 Maces & Flails
 - Level 6.0 Dodging
 - Level 9.2 Unarmed Combat
 - Level 5.9 Evocations
 + Level 12.3 Shapeshifting


You had 9 spell levels left.
You knew the following spells:

 Your Spells              Type           Power      Damage    Failure   Level
a - Wereblood             Tmut           0%         N/A       52%         2

Your spell library contained the following spells:

 Spells                   Type           Power      Damage    Failure   Level
 Kiss of Death            Conj/Necr      0%         2d5       38%         1
 Sting                    Tmut/Pois      0%         1d3       38%         1
 Summon Small Mammal      Summ           0%         N/A       38%         1
 Cigotuvi's Dreadful Rot  Necr/Pois/Air  0%         N/A       52%         2
 Poisonous Vapours        Pois/Air       0%         N/A       52%         2
 Call Canine Familiar     Summ           0%         N/A       77%         3
 Summon Guardian Golem    Hex/Summ       0%         N/A       77%         3
 Olgreb's Toxic Radiance  Pois           0%         N/A       99%         4
 Petrify                  Tmut/Erth      0%         N/A       99%         4
 Summon Lightning Spire   Summ/Air       0%         N/A       99%         4
 Irradiate                Conj/Tmut      0%         3d11      100%        5
 Lee's Rapid Deconstruct  Erth           0%         3d4*      100%        5
 Eringya's Noxious Bog    Tmut/Pois      0%         4d6       100%        6
 Haunt                    Necr/Summ      0%         N/A       100%        7
 Sublimation of Blood     Necr           Unusable   N/A       N/A         2
 Animate Armour           Summ/Erth      Unusable   N/A       N/A         4

Dungeon Overview and Level Annotations

Branches:
Dungeon (10/15)            Temple (1/1) D:5            Lair (2/5) D:8
 Shoals (0/4) Lair:2          Orc (0/2) D:10
  Snake: Lair:2-3    Spider: Lair:2-3

Altars:
Ashenzari
Cheibriados
Dithmenos
Elyvilon
Fedhas
Gozag
Hepliaklqana
Kikubaaqudgha
Makhleb
Nemelex Xobeh
Okawaru
Qazlal
Ru
Sif Muna
Trog
Uskayaw
Vehumet
Wu Jian
Xom
Yredelemnul
Zin
The Shining One

Portals:
Trove: D:10 (give +5 demon blade)

Annotations:
D:3 2 transporters
Lair:2 Gastronok


Innate Abilities, Weirdness & Mutations

You are a living statue of rough stone.
Your actions are slow, but your melee attacks are powerful.
You are resistant to unholy torment.
Your maximum health is decreased, since you lack skill for your form.
Your equipment is partially melded.
((You can breathe blasts of noxious fumes.))
((Your lurid green scales are hard. (AC +8)))
You cannot fit into any form of body armour.
You are immune to poison.
Your system is resistant to poisons. (rPois)
You are cold-blooded and may be slowed by cold attacks.


Message History

* * * LOW HITPOINT WARNING * * *
The river rat closely misses you.
Unknown command.
Aiming: Mindburst
Press: ? - help, Shift-Dir - straight line, f - Gastronok
Aim: Gastronok, wearing a +0 hat (severely wounded, haloed, chance to affect: 35%) Gastronok easily resists.
The bat closely misses you.
The river rat bites you but does no damage.
The bat hits you but does no damage. Gastronok bites you!
* * * LOW HITPOINT WARNING * * *
The river rat barely misses you.
Unknown command.
Unknown command.
Okay, then.
Unknown command.
You bludgeon Gastronok!!
Gastronok is almost dead.
The bat hits you but does no damage. The river rat closely misses you.
The bat misses you. The river rat completely misses you.
Gastronok closely misses you.
You hit Gastronok.
Gastronok is almost dead.
The bat barely misses you. The river rat closely misses you.
The river rat barely misses you. Gastronok completely misses you.
The bat misses you. The river rat misses you.
Gastronok's mouth opens, radula flailing wildly.
Gastronok completely misses you.
You hit Gastronok but do no damage. You tail-slap Gastronok.
Gastronok is almost dead.
The bat misses you. The bat barely misses you.
The river rat bites you but does no damage.
The river rat closely misses you. Gastronok bites you but does no damage.
Unknown command.
You hit Gastronok.
Gastronok is almost dead.
The bat misses you. x2
The river rat bites you but does no damage.
The bat closely misses you. The river rat barely misses you.
Gastronok bites you!!
You die...

.......#
##......~....##
...#.#.##
#........~####
....###.#
##........#
#...# ###
#........##
##### ##.......#
##.......#
#........#
#.b......#
##8......#
#.Prw.......#
...............#
?.............##
...............#
..............##
..............#
..............#


You could see Gastronok, a river rat (summoned) and a bat (summoned).

Vanquished Creatures
  3 hydras (Lair:1)
  A vault guard (D:10)
  A boulder beetle (Lair:1)
  3 death yaks (D:8)
  A two-headed ogre (D:8)
  Erica (D:8)
  3 harpies (Lair:2)
  Joseph (D:8)
  Maurice (D:8)
  3 black mambas (Lair:1)
  A gargoyle (D:10)
  5 cane toads
  Psyche (D:9)
  4 komodo dragons
  5 blink frogs (Lair:1)
  Sigmund (D:2)
  A wyvern (D:8)
  16 yaks
  2 steam dragons
  Duvessa (D:6)
  7 water moccasins
  6 orc warriors
  2 ice beasts
  2 black bears
  9 wolves
  3 ogres
  4 centaurs
  4 kobold brigands
  Blork the orc (D:6)
  2 gnoll sergeants
  12 bullfrogs
  3 scorpions
  Dowan (D:6)
  7 electric eels
  9 orc priests
  4 jellies
  Crazy Yiuf (D:2)
  3 hounds
  An iguana (D:6)
  A sleepcap (D:6)
  Ijyb (D:3)
  10 orc wizards
  7 gnolls
  4 adders
  A shadow imp (D:7)
  4 white imps
  An ufetubus (D:4)
  A worm (D:3)
  31 orcs
  9 endoplasms
  2 giant cockroaches
  6 goblins
  6 hobgoblins
  12 jackals
  25 kobolds
  3 quokkas (D:1)
  7 ball pythons
  5 bats
  4 frilled lizards
  3 rats (D:2)
279 creatures vanquished.

Notes
Turn   | Place    | Note
-------+----------+-------------------------------------------
     0 | D:1      | Newt the Draconian Shapeshifter began the quest for the
                  | Orb.
     0 | D:1      | Reached XP level 1. HP: 16/16 MP: 1/1
   106 | D:1      | Reached XP level 2. HP: 19/25 MP: 2/2
   652 | D:1      | Found a faded altar of an unknown god.
   755 | D:2      | Reached XP level 3. HP: 31/31 MP: 3/3
  1059 | D:2      | Noticed Sigmund
  1100 | D:2      | Killed Sigmund
  1101 | D:2      | Reached skill level 1 in Maces & Flails
  1101 | D:2      | Reached XP level 4. HP: 22/40 MP: 4/4
  1101 | D:2      | Reached XP level 5. HP: 25/46 MP: 5/5
  1713 | D:2      | Found a runed translucent door.
  1714 | D:2      | Noticed Crazy Yiuf
  1825 | D:2      | Killed Crazy Yiuf
  1946 | D:3      | Found a transporter.
  1947 | D:3      | Found a snail-covered altar of Cheibriados.
  1947 | D:3      | Found a transporter.
  2013 | D:3      | Noticed a water moccasin
  2045 | D:3      | Noticed Ijyb
  2045 | D:3      | Paralysed by Ijyb for 4 turns
  2051 | D:3      | Paralysed by Ijyb for 2 turns
  2058 | D:3      | Killed Ijyb
  2059 | D:3      | Reached XP level 6. HP: 49/52 MP: 6/6
  2366 | D:3      | Found a sparkling altar of Nemelex Xobeh.
  2680 | D:4      | Found an opulent altar of Gozag.
  2720 | D:4      | Noticed an ice beast
  2731 | D:4      | Killed an ice beast
  3155 | D:5      | Entered Level 5 of the Dungeon
  3360 | D:5      | Learned a level 2 spell: Wereblood
  3404 | D:5      | Reached skill level 4 in Shapeshifting
  3483 | D:5      | Your scales start taking on a lurid green colour.
  3483 | D:5      | Reached XP level 7. HP: 57/59 MP: 7/7
  3483 | D:5      | Gained mutation: Your system is resistant to poisons.
                  | (rPois) [Green Draconian growth]
  3631 | D:5      | Found a staircase to the Ecumenical Temple.
  3665 | Temple   | Entered the Ecumenical Temple
  3692 | Temple   | Became a worshipper of the Shining One
  3931 | D:5      | Reached skill level 5 in Shapeshifting
  4007 | D:5      | Reached skill level 6 in Shapeshifting
  4421 | D:6      | Noticed Blork the orc
  4427 | D:6      | Reached XP level 8. HP: 52/66 MP: 8/8
  4433 | D:6      | Killed Blork the orc
  4634 | D:6      | Found a hide-covered altar of Uskayaw.
  4634 | D:6      | Found a radiant altar of Vehumet.
  4651 | D:6      | Reached skill level 5 in Maces & Flails
  5222 | D:6      | Noticed Duvessa
  5224 | D:6      | Noticed Dowan
  5233 | D:6      | Killed Duvessa
  5236 | D:6      | Killed Dowan
  5237 | D:6      | Reached skill level 7 in Shapeshifting
  5641 | D:7      | Reached XP level 9. HP: 38/71 MP: 9/9
  5910 | D:7      | Found a hazy altar of Hepliaklqana.
  5911 | D:7      | Found a shadowy altar of Dithmenos.
  5933 | D:7      | Reached skill level 8 in Shapeshifting
  6235 | D:7      | Reached * piety under the Shining One
  6500 | D:8      | Noticed Joseph
  6514 | D:8      | HP: 2/71 [Joseph/+1 heavy quarterstaff (28)]
  6517 | D:8      | Killed Joseph
  6518 | D:8      | Reached skill level 9 in Shapeshifting
  6818 | D:8      | Noticed a two-headed ogre
  6830 | D:8      | Killed a two-headed ogre
  7015 | D:8      | Noticed Maurice
  7034 | D:8      | Killed Maurice
  7341 | D:8      | Noticed Erica
  7345 | D:8      | Reached XP level 10. HP: 70/86 MP: 10/10
  7348 | D:8      | Reached skill level 5 in Unarmed Combat
  7349 | D:8      | Killed Erica
  7485 | D:8      | Noticed a death yak
  7485 | D:8      | Noticed a death yak
  7486 | D:8      | Noticed a death yak
  7519 | D:8      | Killed a death yak
  7520 | D:8      | Reached skill level 5 in Dodging
  7528 | D:8      | Killed a death yak
  7534 | D:8      | Killed a death yak
  7752 | D:8      | Found a bloodstained altar of Trog.
  7767 | D:8      | Found a staircase to the Lair.
  8103 | D:9      | Got the Book of the Amorphous Undead
  8452 | D:9      | Noticed Psyche
  8462 | D:9      | Killed Psyche
  8463 | D:9      | Reached XP level 11. HP: 76/97 MP: 11/11
  9628 | D:10     | Entered Level 10 of the Dungeon
 10014 | D:10     | Noticed a vault guard
 10025 | D:10     | Killed a vault guard
 10408 | D:10     | Reached skill level 1 in Evocations
 11520 | D:10     | Found a staircase to the Orcish Mines.
 11669 | D:10     | Found a portal to a secret trove of treasure.
 11870 | Lair:1   | Entered Level 1 of the Lair of Beasts
 12233 | Lair:1   | Identified the +1 scale mail of Gyas {Dex+2}
 12262 | Lair:1   | Reached ** piety under the Shining One
 12297 | Lair:1   | Noticed a six-headed hydra
 12311 | Lair:1   | HP: 1/97 [six-headed hydra (11)]
 12781 | Lair:1   | Killed a six-headed hydra
 12782 | Lair:1   | Reached skill level 5 in Evocations
 13123 | Lair:1   | Identified the +0 pair of boots of Lugonu's Generosity
                  | {-Cast Rampage rElec Str+5}
 13405 | Lair:1   | Noticed a four-headed hydra
 13405 | Lair:1   | Noticed a boulder beetle
 13535 | Lair:1   | Killed a boulder beetle
 13536 | Lair:1   | Reached skill level 10 in Shapeshifting
 13906 | Lair:1   | Reached XP level 12. HP: 73/104 MP: 12/12
 14021 | Lair:1   | Noticed a five-headed hydra
 14033 | Lair:1   | Killed a five-headed hydra
 14555 | Lair:1   | Killed a four-headed hydra
 14556 | Lair:1   | Reached skill level 11 in Shapeshifting
 14806 | Lair:2   | Reached skill level 12 in Shapeshifting
 14997 | Lair:2   | Found a staircase to the Shoals.
 15037 | Lair:2   | Noticed Gastronok
 15060 | Lair:2   | Slain by Gastronok

Illustrated notes

Levels and vault maps discovered:
D:1:      matt_arrival_los_fun, layout_loops_ring,
          hellmonk_ecumenical_altar_leap_of_faith, minmay_misc_feat_x
D:2:      layout_loops_cross, columned_hall_lemuel, uniq_sigmund,
          uniq_crazy_yiuf_cottage
D:3:      layout_loops_cross, gammafunk_temple_overflow_arena,
          nemelex_xobeh_ov_fountains_minmay, uniq_ijyb
D:4:      layout_loops_ring, nicolae_overflow_crystal_walls
D:5:      layout_loops_ring, minmay_temple_entry_tees,
          nicolae_elevator_lobby_asterisk
D:6:      layout_gridville, chequers_temple_overflow_statue_of_worship,
          uniq_duvessa, uniq_blork_the_orc
D:7:      layout_loops_ring, riverfiend_overflow_shadow_ancestor,
          grunt_ministairs_12
D:8:      layout_rooms, kennysheep_mini, dpeg_lair_monsters, uniq_erica,
          uniq_maurice, uniq_joseph
D:9:      layout_layer_cave, kennysheep_cluttered_room,
          amcnicky_mini_pool_small, uniq_psyche
D:10:     layout_basic, david_orc_4, enter_trove_5
Temple:   dpeg_chambers_temple
Lair:1:   layout_regular_city, minmay_shattered_shrine, serial_bayou_shore_a
Lair:2:   layout_big_grid, nicolae_shoals_entry_roost, grunt_megastairs_1,
          uniq_gastronok

Skill      XL: |  1  2  3  4  5  6  7  8  9 10 11 12 |
---------------+-------------------------------------+-----
Fighting       | 2 3 4 7 9 |  9.0
Dodging        | 4 6 |  6.0
Maces & Flails | 1 2 3 4 6 |  6.0
Shapeshifting  | 4 6 7 9 10 12 | 12.3
Unarmed Combat | 4 7 9 |  9.2
Evocations     | 5 |  5.9

Action                     |  1- 3 |  4- 6 |  7- 9 | 10-12 || total
---------------------------+-------+-------+-------+-------++-------
  Melee: Unarmed           |    84 |       |       |       ||    84
         Punch             |     4 |     1 |     9 |    34 ||    48
         Tailslap          |     7 |    12 |    28 |    88 ||   135
         Whip              |    22 |    24 |       |       ||    46
         Mace              |       |    71 |    13 |       ||    84
         Flail             |       |       |   169 |   458 ||   627
  Throw: Boomerang         |       |     1 |       |       ||     1
 Invoke: Divine Shield     |       |       |       |     1 ||     1
Ability: Breathe Noxious F |       |       |     8 |     7 ||    15
  Evoke: Wand              |       |       |     2 |    15 ||    17
    Use: Scroll            |     1 |     6 |     9 |     7 ||    23
         Potion            |     1 |       |     1 |     5 ||     7
   Stab: Sleeping          |     2 |       |       |       ||     2
 Armour: Skin              |    27 |    10 |    34 |   250 ||   321
  Dodge: Dodged            |    61 |    74 |   156 |   738 ||  1029
  Block: Other             |       |       |       |     5 ||     5
   Form: Statue            |       |       |       |     1 ||     1

Table legend: (Time is in decaauts)
 A = Elapsed time spent in this place.
 B = Non-inter-level travel time spent in this place.
 C = Inter-level travel time spent in this place.
 D = Time resting spent in this place.
 E = Time spent auto-exploring this place.
 F = Levels seen in this place.
 G = Mean time per level.
                   A        B        C        D        E       F      G
               +--------+--------+--------+--------+--------+-----+--------+
         Total |  16328 |  15753 |    575 |   5322 |   8329 |  13 | 1256.0 |
       Dungeon |  12540 |  12092 |    448 |   3767 |   6926 |  10 | 1254.0 |
        Temple |     54 |      1 |     53 |      0 |      0 |   1 |   54.0 |
          Lair |   3733 |   3660 |     73 |   1555 |   1403 |   2 | 1866.5 |
               +--------+--------+--------+--------+--------+-----+--------+

Top non-repeatable levels by time:
  Lair:1: 3080 daAuts
     D:8: 2207 daAuts
    D:10: 2192 daAuts
     D:9: 1703 daAuts
     D:6: 1388 daAuts
     D:2: 1208 daAuts
     D:5: 1014 daAuts
     D:7: 858 daAuts
     D:1: 744 daAuts
  Lair:2: 652 daAuts
     D:3: 633 daAuts
     D:4: 589 daAuts
  Temple: 54 daAuts
